 Dungeon Crawl Stone Soup version 0.26-a0-180-ge96aa7da28 (webtiles) character file.

Game seed: 13777834507893962440

59 MalarOregon the Conjurer (level 3, -2/28 HPs)
             Began as a Draconian Conjurer on July 3, 2020.
             Slain by an ooze (5 damage)
             ... on level 2 of the Dungeon.
             The game lasted 00:03:02 (1889 turns).

MalarOregon the Conjurer (Draconian Conjurer)       Turns: 1889, Time: 00:03:03

Health: -2/28      AC:  6    Str:  9    XL:     3   Next: 78%
Magic:  0/6        EV: 12    Int: 18    God:
Gold:   128        SH:  0    Dex: 10    Spells: 6/7 levels left

rFire    . . .     SeeInvis .   a - +0 dagger
rCold    . . .     Faith    .   (no shield)
rNeg     . . .     Spirit   .   (armour unavailable)
rPois    .         Reflect  .   (helmet restricted)
rElec    .         Harm     .   (no cloak)
rCorr    .                      (no gloves)
MR       .....                  j - +0 pair of boots
Stlth    ++........             (no amulet)
HPRegen  0.09/turn              (no ring)
MPRegen  0.10/turn              (no ring)

@: no status effects
A: unfitting armour, cold-blooded, AC +5
a: no special abilities


You were on level 2 of the Dungeon.
You were hungry.

You visited 1 branch of the dungeon, and saw 2 of its levels.

You collected 128 gold pieces.

Inventory:

Hand Weapons
 a - a +0 dagger (weapon)
   (You found it on level 1 of the Dungeon)
Armour
 j - a +0 pair of boots (worn)
   (You found it on level 1 of the Dungeon)
Scrolls
 b - a scroll of enchant weapon {unknown}
 d - 2 scrolls of enchant armour {unknown}
 g - 2 scrolls of remove curse {unknown}
 h - a scroll of random uselessness {unknown}
 i - 3 scrolls of fear {unknown}
Potions
 c - a potion of ambrosia {unknown}
 f - a potion of brilliance {unknown}
Comestibles
 e - 4 rations {!d}
 k - 4 chunks of flesh


   Skills:
 + Level 1.3 Fighting
 + Level 2.2 Dodging
 - Level 1.7 Stealth
 * Level 2.6 Spellcasting
 * Level 4.5 Conjurations


You had 6 spell levels left.
You knew the following spells:

 Your Spells              Type           Power        Failure   Level  Hunger
a - Magic Dart            Conj           ###.         2%          1    #......

Your spell library contained the following spells:

 Spells                   Type           Power        Failure   Level  Hunger
 Searing Ray              Conj           ###...       4%          2    ##.....
 Dazzling Flash           Conj/Hex       ##....       21%         3    ###....
 Fulminant Prism          Conj/Hex       ##........   54%         4    #####..
 Iskenderun's Mystic Bla  Conj/Tloc      ##......     54%         4    #####..


Dungeon Overview and Level Annotations

Branches:
Dungeon (2/15)

Altars:


Innate Abilities, Weirdness & Mutations

Your plain brown scales are hard. (AC +5)
You cannot fit into any form of body armour.
You are cold-blooded and may be slowed by cold attacks.


Message History

Aim: a worm (moderately wounded)
The magic dart hits the worm.
Aim: a worm (heavily wounded)
The magic dart hits the worm.
Aim: a worm (severely wounded)
The magic dart hits the worm but does no damage.
The worm bites you!
Aim: a worm (heavily wounded)
The magic dart hits the worm.
Aim: a worm (severely wounded)
The magic dart hits the worm.
The worm bites you but does no damage.
You hit the kobold.
Your tail-slap misses the kobold.
The kobold hits you with a +0 whip.
* * * LOW HITPOINT WARNING * * *
You hit the kobold. The kobold closely misses you.
You hit the kobold.
You kill the kobold!
Aim: a worm (severely wounded)
The magic dart hits the worm.
You hit the worm. The worm bites you!
* * * LOW HITPOINT WARNING * * *
You hit the worm. You hit the worm but do no damage. The worm bites you.
* * * LOW HITPOINT WARNING * * *
Aim: a worm (severely wounded)
The magic dart hits the worm.
An ooze comes into view.
The ooze quivers.
The ooze hits you but does no damage. The ooze misses you.
Aim: a worm (heavily wounded)
The magic dart hits the ooze.
The ooze misses you.
A giant cockroach comes into view.
The giant cockroach barely misses you.
You enter the shallow water.
Moving in this stuff is going to be slow.
The giant cockroach closely misses you. x2
You are feeling hungry.
The giant cockroach bites you.
* * * LOW HITPOINT WARNING * * *
You hit the giant cockroach but do no damage.
You tail-slap the giant cockroach.
You kill the giant cockroach!
Aim: an ooze (lightly wounded)
The magic dart hits the ooze.
Aim: an ooze (heavily wounded)
The magic dart hits the ooze.
The ooze hits you.
* * * LOW HITPOINT WARNING * * *
You hit the ooze. The ooze hits you.
You die...

# #.................# #
#.............(...# #
#.................# #
###...............#######
######### #......................
.≈......#######..........########
....≈.≈..## ≈≈#..........#
≈...≈.....##≈###....[#.###
≈≈≈≈≈≈≈.≈≈≈≈≈# #@###.#.#
≈≈≈≈.≈≈≈≈≈≈≈## #J# #.#.##########
≈≈≈≈.≈≈...######.# #.#...........
≈≈......#....J...# #.############
################## #.


You could see an ooze.

Vanquished Creatures
  An ooze (D:1)
  3 dart slugs (D:1)
  4 leopard geckos
  A ball python (D:2)
  2 giant cockroaches
  7 goblins
  A hobgoblin (D:1)
  4 jackals (D:1)
  5 kobolds
  A quokka (D:2)
  3 bats (D:1)
  5 frilled lizards
  6 rats (D:1)
43 creatures vanquished.

Notes
Turn   | Place    | Note
-------+----------+-------------------------------------------
     0 | D:1      | MalarOregon the Draconian Conjurer began the quest for the
                  | Orb.
     0 | D:1      | Reached XP level 1. HP: 14/14 MP: 3/3
   260 | D:1      | Reached XP level 2. HP: 22/22 MP: 0/5
   915 | D:1      | Reached skill level 1 in Fighting
   975 | D:1      | Reached XP level 3. HP: 28/28 MP: 2/6
  1056 | D:1      | You fall into a shaft and drop 1 floor!
  1889 | D:2      | Slain by an ooze

Illustrated notes

Levels and vault maps discovered:
D:1:      elethiomel_arrival_fortress_basement, layout_basic,
          serial_bayou_pond_d
D:2:      layout_basic, chequers_serial_rivers_small_3

Skill      XL: |  1  2 |
---------------+-------+-----
Dodging        | 2 |  2.2
Fighting       | 1 |  1.3
Stealth        | |  1.7
Spellcasting   | |  2.6
Conjurations   | |  4.5

Action                   || total
-------------------------++-------
Melee: Unarmed           ||     4
       Tailslap          ||     2
       Dagger            ||     8
 Cast: Magic Dart        ||   100
  Eat: Chunk             ||     3
Armor: Skin              ||    20
Dodge: Dodged            ||    29

Table legend:
 A = Non-vault XP
 B = Vault XP
 C = Vault XP percentage of total XP
 D = Non-vault monster count
 E = Vault monster count
 F = Vault count percentage of total count
                 A         B        C        D         E       F
            +---------+---------+-------+---------+---------+-------
      Total |      84 |       1 |   1.2 |      42 |       1 |   2.3
            +---------+---------+-------+---------+---------+-------
        D:1 |      63 |       1 |   1.6 |      32 |       1 |   3.0
        D:2 |      21 |       0 |   0.0 |      10 |       0 |   0.0
            +---------+---------+-------+---------+---------+-------
